 Dungeon Crawl Stone Soup version 0.30-a0-918-g0ff054e9dc (webtiles) character file.

Game seed: 3953760747889713128

60 qeuew the Trooper (level 3, -6/29 HPs)
             Began as a Demonspawn Chaos Knight on Mar 20, 2023.
             Was a Plaything of Xom.
             Killed by divine providence
             ... invoked by an orc priest
              (16 damage)
             ... on level 3 of the Dungeon.
             The game lasted 00:02:23 (1588 turns).

qeuew the Trooper (Demonspawn Chaos Knight)         Turns: 1588, Time: 00:02:23

Health: -6/29      AC:  8    Str: 16    XL:     3   Next: 80%
Magic:  3/3        EV: 11    Int: 13    God:    Xom [..*...]
Gold:   106        SH:  4    Dex: 12    Spells: 2/2 levels left

rFire   . . .      SeeInvis .    a - +1 mace (chaos)
rCold   . . .      Faith    .    (no shield)
rNeg    . . .      Spirit   .    b - +3 leather armour
rPois   .          Reflect  .    i - +1 helmet of the Sea {Rampage rCorr Str+2}
rElec   .          Rampage  +    (no cloak)
rCorr   +                        (no gloves)
Will    .....                    (no boots)
Stlth   +                        (no amulet)
HPRegen 0.24/turn                (no ring)
MPRegen 0.08/turn                (no ring)

@: no status effects
A: condensation shield
a: Renounce Religion


You were on level 3 of the Dungeon.
You worshipped Xom.
You were a toy of Xom.
You visited 1 branch of the dungeon, and saw 3 of its levels.

You collected 106 gold pieces.

Inventory:

Hand Weapons
 a - a +1 mace of chaos (weapon)
Armour
 b - a +3 leather armour (worn)
 i - the +1 helmet of the Sea (worn) {Rampage rCorr Str+2}
   (You acquired it on level 2 of the Dungeon)

   Str:       It affects your strength (+2).
   rCorr:     It protects you from acid and corrosion.
   Rampage:   It bestows one free step when moving towards enemies.
Wands
 j - a wand of iceblast (9)
Scrolls
 h - a scroll of amnesia
 k - 2 scrolls of teleportation
 l - a scroll of identify
Potions
 d - a potion of cancellation
 e - 2 potions of curing
 f - a potion of invisibility
 g - a potion of flight
 m - a potion of might {unknown}
 n - a potion of brilliance {unknown}
Miscellaneous
 c - a piece from Xom's chessboard (15/15) (quivered)


   Skills:
 + Level 3.2 Fighting
 * Level 3.2 Maces & Flails
 * Level 2.4 Armour
 + Level 1.5 Dodging
 + Level 1.0 Evocations


You had 2 spell levels left.
You didn't know any spells.
Your spell library contained the following spells:

 Spells                   Type           Power      Damage    Failure   Level
 Kiss of Death            Conj/Necr      0%         2d5       36%         1


Dungeon Overview and Level Annotations

Branches:
Dungeon (3/15)

Altars:
Vehumet

Annotations:
D:3 exclusion: statue


Innate Abilities, Weirdness & Mutations

A meltable shield of frost defends you. (SH +4)


Message History

The orc priest closely misses you.
The orc priest hits you with a +0 short sword.
You closely miss the orc priest. The orc priest misses you.
The orc priest hits you but does no damage.
You barely miss the orc priest.
The orc priest begins to cast a cantrip, but forgets the words!
The orc priest hits you with a +0 flail.
You hit the orc priest but do no damage.
The orc priest easily resists.
The orc priest invokes the aid of Beogh against you.
Pain shoots through your body!
The orc priest hits you with a +0 short sword.
The orc closely misses you.
You are too injured to fight recklessly!
You are too injured to fight recklessly!
You are too injured to fight recklessly!
You are too injured to fight recklessly!
You are too injured to fight recklessly!
You are too injured to fight recklessly!
You are too injured to fight recklessly!
You are too injured to fight recklessly!
You are too injured to fight recklessly!
You are too injured to fight recklessly!
You are too injured to fight recklessly!
You are too injured to fight recklessly!
You are too injured to fight recklessly!
You are too injured to fight recklessly!
You are too injured to fight recklessly!
Unknown command.
You hit the orc priest.
The orc priest is poisoned.
The orc priest is moderately wounded.
You block the orc priest's attack.
The orc priest looks braver for a moment.
The orc hits you with a +0 flail. The orc closely misses you.
The orc priest barely misses you.
The orc priest invokes the aid of Beogh against you.
Beogh smites you!
Ouch! That really hurt!
You die...
Xom guffaws!

..#########......# .##
###......# .#
##........# .#
##..#......# ##
###..##......#
#####...###......#
..##..### #....#########
..##.#####..##.....!....
........##.#####@o......
..#..##..#. #oo......
..#..# .... #o.......
###..# ..## .........
...... .# .# #........
....#.. # #........
<....... #........
...#..#.# #........
########.


You could see 3 orc priests and an orc.

Vanquished Creatures
  An adder (D:2)
  A river rat (D:2)
  A dart slug (D:2)
  2 orcs (D:3)
  2 bats (D:1)
  An endoplasm (D:2)
  4 giant cockroaches
  6 goblins
  2 hobgoblins (D:2)
  2 quokkas
  4 ball pythons
  A frilled lizard (D:3)
  3 kobolds
  8 rats
38 creatures vanquished.

Notes
Turn   | Place    | Note
-------+----------+-------------------------------------------
     0 | D:1      | qeuew the Demonspawn Chaos Knight began the quest for the
                  | Orb.
     0 | D:1      | Reached XP level 1. HP: 18/18 MP: 1/1
   190 | D:1      | Reached skill level 1 in Dodging
   235 | D:1      | XOM: silly message
   322 | D:1      | Gained mutation: A meltable shield of frost defends you.
                  | (SH +4) [demonic ancestry]
   322 | D:1      | Reached XP level 2. HP: 24/24 MP: 2/2
   328 | D:1      | Found a faded altar of an unknown god.
   339 | D:1      | Got Plato's Volume of Percussion
   498 | D:1      | XOM: draining
   585 | D:1      | XOM: divination: detect items
   608 | D:1      | XOM: silly message
   870 | D:2      | XOM: confuse monster(s)
   878 | D:2      | XOM: enchant monster (bad)
  1003 | D:2      | Reached XP level 3. HP: 26/27 MP: 3/3
  1068 | D:2      | XOM: divination: magic mapping
  1158 | D:2      | XOM: polymorph frilled lizard -> river rat
  1237 | D:2      | XOM: silly message
  1419 | D:2      | Identified a scroll of acquirement
  1419 | D:2      | Acquired the +1 helmet of the Sea {Rampage rCorr Str+2}
  1460 | D:3      | Reached skill level 1 in Evocations
  1548 | D:3      | Found a radiant altar of Vehumet.
  1548 | D:3      | Noticed a charred statue
  1588 | D:3      | Killed from afar by an orc priest

Illustrated notes

Levels and vault maps discovered:
D:1:      dpeg_arrival_three_same_balls, layout_loops_ring,
          shapermc_ecumenical_altar_rom_forum
D:2:      layout_basic
D:3:      layout_rooms, tgw_fedhas, vehumet_statue, serial_shops,
          nicolae_shop_overgrown_old_shop

Skill      XL: |  1  2  3 |
---------------+----------+-----
Dodging        | 1 |  1.5
Armour         | 2 |  2.4
Maces & Flails | 3 |  3.2
Evocations     | 1 |  1.0
Fighting       | |  3.2

Action                     || total
---------------------------++-------
  Melee: Mace              ||   114
         Punch             ||     1
    Use: Scroll            ||     9
         Potion            ||     1
   Stab: Sleeping          ||     2
         Confused          ||     1
         Paralysed         ||     1
 Armour: Leather armour    ||    44
  Dodge: Dodged            ||    69
  Block: Other             ||    16

Table legend: (Time is in decaauts)
 A = Elapsed time spent in this place.
 B = Non-inter-level travel time spent in this place.
 C = Inter-level travel time spent in this place.
 D = Time resting spent in this place.
 E = Time spent auto-exploring this place.
 F = Levels seen in this place.
 G = Mean time per level.
                   A        B        C        D        E       F      G
               +--------+--------+--------+--------+--------+-----+--------+
         Total |   1615 |   1561 |     54 |      0 |   1255 |   3 |  538.3 |
       Dungeon |   1615 |   1561 |     54 |      0 |   1255 |   3 |  538.3 |
               +--------+--------+--------+--------+--------+-----+--------+

Top non-repeatable levels by time:
     D:1: 846 daAuts
     D:2: 626 daAuts
     D:3: 142 daAuts
